 Dungeon Crawl Stone Soup version 0.30.0 (webtiles) character file.

Game seed: 5047246371559143912

128 AlmostAGhost the Slasher (level 4, 0/34 HPs)
             Began as a Demonspawn Gladiator on May 6, 2023.
             Slain by an orc
             ... wielding a +0 mace
              (6 damage)
             ... on level 3 of the Dungeon.
             The game lasted 00:06:22 (1876 turns).

AlmostAGhost the Slasher (Demonspawn Gladiator)     Turns: 1876, Time: 00:06:22

Health: 0/34       AC:  4    Str: 17    XL:     4   Next: 87%
Magic:  4/4        EV: 12    Int:  9    God:
Gold:   182        SH:  0    Dex: 14    Spells: 3/3 levels left

rFire   . . .        a - +0 long sword
rCold   . . .        g - orb {*Rage}
rNeg    . . .        q - +1 leather armour "Soshar" {-Tele +Inv Regen+ Stlth+}
rPois   .            (helmet restricted)
rElec   .            (no cloak)
rCorr   .            (no gloves)
SInv    +            (no boots)
Will    .....        (no amulet)
Stlth   ++           n - ring of see invisible
HPRegen 1.05/turn    (no ring)
MPRegen 0.09/turn

%: no teleportation, random rage (20%)
@: on berserk cooldown, slowed, very slow
A: antennae 1, demonic magic 1
a: Evoke Invisibility


You were on level 3 of the Dungeon.
You visited 1 branch of the dungeon, and saw 3 of its levels.

You collected 182 gold pieces.

Inventory:

Hand Weapons
 a - a +0 long sword (weapon)
Missiles
 d - 3 throwing nets (quivered)
 e - a javelin
Armour
 b - a +0 leather armour
 c - a +0 helmet
 g - an orb of wrath (worn)
 q - the +1 leather armour "Soshar" (worn) {-Tele +Inv Regen+ Stlth+}
   (You found it on level 2 of the Dungeon)

   +Inv:      It lets you turn invisible.
   -Tele:     It prevents most forms of teleportation.
   Regen:     It increases your rate of health regeneration.
   Stlth:     It makes you more stealthy.
 r - a +0 ring mail
Jewellery
 n - a ring of see invisible (left hand)
Scrolls
 f - a scroll of magic mapping
 j - 2 scrolls of teleportation
 l - a scroll of noise {unknown}
 o - a scroll of poison {unknown}
 p - a scroll of fog {unknown}
Potions
 h - a potion of resistance {unknown}
 i - 3 potions of haste {unknown}
 k - a potion of brilliance {unknown}
 m - a potion of flight {unknown}


   Skills:
 + Level 2.5 Fighting
 + Level 4.0 Long Blades
 + Level 2.0 Throwing
 + Level 0.9 Armour
 + Level 3.4 Dodging
 + Level 0.3 Stealth


You had 3 spell levels left.
You didn't know any spells.
Your spell library contained the following spells:

 Spells                   Type           Power      Damage    Failure   Level
 Freeze                   Ice            0%         1d3       43%         1
 Ensorcelled Hibernation  Hex/Ice        0%         N/A       58%         2
 Frozen Ramparts          Ice            0%         1d1       82%         3
 Hailstorm                Conj/Ice       0%         3d3       82%         3
 Spider Form              Tmut/Pois      0%         N/A       82%         3
 Anguish                  Hex/Necr       0%         N/A       99%         4


Dungeon Overview and Level Annotations

Branches:
Dungeon (3/15)

Altars:

Annotations:
D:3 Sigmund


Innate Abilities, Weirdness & Mutations

You have a pair of small antennae on your head.
Spells you cast may paralyse adjacent enemies.


Message History

Sigmund is lightly wounded.
The orc hits you with a +0 mace. Sigmund hits you with a +0 scythe!
The orc hits you with a +0 mace.
You are too injured to fight recklessly!
You are too injured to fight recklessly!
You are too injured to fight recklessly!
You are too injured to fight recklessly!
You are too injured to fight recklessly!
You are too injured to fight recklessly!
You closely miss Sigmund.
Sigmund is lightly wounded.
The orc completely misses you. Sigmund hits you with a +0 scythe.
You hit Sigmund.
Sigmund is moderately wounded.
The orc closely misses you. Sigmund misses you. The orc barely misses you.
You hit Sigmund.
Sigmund is heavily wounded.
The orc barely misses you. Sigmund closely misses you. The orc misses you.
Sigmund points at you and mumbles some strange words.
The magic dart hits you.
You hit Sigmund.
Sigmund is heavily wounded.
The orc hits you but does no damage. Sigmund casts a spell at you.
You are confused.
The orc closely misses you.
You barely miss Sigmund.
Sigmund is heavily wounded.
Sigmund misses you. The orc hits you with a +0 mace. x2
* * * LOW HITPOINT WARNING * * *
Sigmund hits you with a +0 scythe.
* * * LOW HITPOINT WARNING * * *
The orc closely misses you.
Sigmund hits you from afar with a +0 scythe.
* * * LOW HITPOINT WARNING * * *
You see here a +0 club.
You closely miss the orc.
You feel less confused. The orc hits you with a +0 mace.
You die...

..##..##....#.##.##.# ##
...)....##.###.....# #.
.#.))##.##..#.##.##.#.
.##............#.# .#
#.##.##.##...#.#.###.#
##.#.##.##...#.#.#...
.###..#.#รท...#:#@..#
.....#...#...#..o..#
##.####.##......@..###.#
##.# #.###..####......#
##.# #.# #..####..###.#
##.####.# #............#
........####.####..#####
##............###..####
###########......))..#
##......>......
##############


You could see Sigmund and an orc.

Vanquished Creatures
  3 gnolls (D:3)
  2 adders
  A worm (D:2)
  7 orcs (D:3)
  8 bats
  3 endoplasms
  3 giant cockroaches (D:2)
  3 goblins
  8 hobgoblins
  8 jackals
  4 kobolds
  A quokka (D:2)
  4 ball pythons (D:2)
  5 frilled lizards
  9 rats
69 creatures vanquished.

Notes
Turn   | Place    | Note
-------+----------+-------------------------------------------
     0 | D:1      | AlmostAGhost the Demonspawn Gladiator began the quest for
                  | the Orb.
     0 | D:1      | Reached XP level 1. HP: 16/16 MP: 1/1
   152 | D:1      | Reached skill level 3 in Long Blades
   152 | D:1      | Gained mutation: You have a pair of small antennae on your
                  | head. [demonic ancestry]
   152 | D:1      | Reached XP level 2. HP: 22/22 MP: 2/2
   799 | D:2      | Reached XP level 3. HP: 27/27 MP: 3/3
  1464 | D:2      | Identified the +1 leather armour "Soshar" {-Tele +Inv
                  | Regen+ Stlth+}
  1537 | D:3      | Gained mutation: Spells you cast may paralyse adjacent
                  | enemies. [demonic ancestry]
  1537 | D:3      | Reached XP level 4. HP: 34/34 MP: 4/4
  1822 | D:3      | Reached skill level 4 in Long Blades
  1853 | D:3      | Noticed Sigmund
  1876 | D:3      | Slain by an orc

Illustrated notes

Levels and vault maps discovered:
D:1:      giann_forest_graveyard, layout_loops_ring, serial_aquarium,
          aquarium_bridge_straight [aquarium_subvault_bridge,
          aquarium_subvault_wall, aquarium_subvault_bridge,
          aquarium_subvault_wall], aquarium_bridge_square
          [aquarium_subvault_bridge, aquarium_subvault_window,
          aquarium_subvault_wall, aquarium_subvault_bridge],
          aquarium_window_fake, aquarium_window_1, aquarium_view_2e,
          aquarium_view_2f, aquarium_pool_corner
D:2:      minmay_chambers_of_twos, layout_basic
D:3:      layout_loops_ring, nemelex_xobeh_ov_fountains_minmay,
          mainiacjoe_overflow_boulevard, minmay_cupped, uniq_sigmund

Skill      XL: |  1  2  3  4 |
---------------+-------------+-----
Long Blades    | 3 4 |  4.0
Dodging        | 3 |  3.4
Throwing       | 2 |  2.0
Fighting       | |  2.5
Armour         | |  0.9
Stealth        | |  0.3

Action                     |  1- 3 |  4- 6 || total
---------------------------+-------+-------++-------
  Melee: Long sword        |   119 |    61 ||   180
    Use: Scroll            |     2 |       ||     2
   Stab: Sleeping          |     1 |     1 ||     2
 Armour: Leather armour    |    40 |    12 ||    52
  Dodge: Dodged            |    95 |    63 ||   158
